 Dungeon Crawl Stone Soup version 0.24.1-14-gf8d2b509d9 (webtiles) character file.

Game seed: 17077344035833218273, levelgen mode: deterministic

11495 Hugehornet the Bludgeoner (level 11, -1/62 HPs)
             Began as a Gargoyle Fighter on May 24, 2020.
             Was a Believer of Cheibriados.
             Engulfed by a ghost crab's spectral mist (22 damage)
             ... in a Gauntlet.
             The game lasted 00:23:12 (9614 turns).

Hugehornet the Bludgeoner (Gargoyle Fighter)        Turns: 9614, Time: 00:23:13

Health: -1/62      AC: 25    Str: 27    XL:     11   Next: 78%
Magic:  4/4        EV:  7    Int: 17    God:    Cheibriados [**....]
Gold:   441        SH: 11    Dex: 15    Spells: 10/10 levels left

rFire    . . .     SeeInvis +   Q - +10 flail of Eternal Vigilance {antimagic, rElec MR+}
rCold    . . .     Gourm    .   c - +0 shield
rNeg     + . .     Faith    .   B - +0 plate armour
rPois    ∞         Spirit   .   L - +2 hat {SInv}
rElec    +         Reflect  .   b - +0 cloak {+Inv}
rCorr    +         Harm     .   (no gloves)
MR       +....     NoTele   +   G - +0 pair of boots
Stlth    ..........             (no amulet)
HPRegen  0.20/turn              k - +2 ring of evasion
MPRegen  0.09/turn              U - ring of resist corrosion

@: very slow
A: negative energy resistance 1, electricity resistance, unbreathing,
petrification resistance, rot immunity, AC +8
a: Bend Time, Renounce Religion, Evoke Invisibility


You were in a Gauntlet.
You worshipped Cheibriados.
Cheibriados was pleased with you.
You were not hungry.

You visited 3 branches of the dungeon, and saw 11 of its levels.
You also visited: Gauntlet.

You collected 441 gold pieces.

Inventory:

Hand Weapons
 a - a +0 flail
 r - a +2 mace of draining
 u - a +0 morningstar
 I - a +0 whip of freezing
 Q - the +10 flail of Eternal Vigilance (weapon) {antimagic, rElec MR+}
   (You found it on level 9 of the Dungeon)

   It reduces the magical energy of the wielder, and disrupts the spells and
   magical abilities of those hit.
   Natural abilities and divine invocations are not affected.
   It insulates you from electricity.
   It affects your resistance to hostile enchantments.
Armour
 b - a +0 cloak of invisibility (worn)
 c - a +0 shield (worn)
 B - a +0 plate armour (worn)
 G - a +0 pair of boots (worn)
 L - a +2 hat of see invisible (worn)
 N - a +2 cloak
Jewellery
 k - a +2 ring of evasion (left hand)
 R - an uncursed ring of stealth
 U - a ring of resist corrosion (right hand)
Wands
 i - a wand of clouds (12)
 p - a wand of polymorph (21)
 E - a wand of flame (19)
 H - a wand of paralysis (5)
 P - a wand of iceblast (11)
 T - a wand of disintegration (12)
Scrolls
 d - a scroll of enchant armour
 o - 5 scrolls of blinking
 s - a scroll of amnesia
 x - 2 scrolls of teleportation
 z - 2 scrolls of fog
 C - a scroll of magic mapping
 D - a scroll of summoning {unknown}
 J - 2 scrolls of vulnerability
 M - a scroll of enchant weapon {unknown}
 S - a scroll of random uselessness {unknown}
Potions
 e - a potion of agility
 g - 4 potions of curing
 j - a potion of flight
 m - a potion of invisibility
 n - 5 potions of lignification
 K - a potion of heal wounds
 O - a potion of degeneration {unknown}
Comestibles
 f - 20 rations


   Skills:
 + Level 4.6 Fighting
 - Level 16.0 Maces & Flails
 * Level 5.7 Armour
 * Level 5.6 Shields
 + Level 2.9 Invocations


You had 10 spell levels left.
You didn't know any spells.
Your spell library contained the following spells:

 Spells                   Type           Power        Failure   Level  Hunger
 Apportation              Tloc           #.....       100%        1    ##.....
 Corona                   Hex            #......      100%        1    ##.....
 Shock                    Conj/Air       #...         100%        1    ##.....
 Swiftness                Chrm/Air       #.......     100%        2    ###....
 Static Discharge         Conj/Air       #.......     100%        3    ####...
 Summon Guardian Golem    Hex/Summ       #.......     100%        3    ####...
 Airstrike                Air            #.........   100%        4    #####..
 Force Lance              Conj/Tloc      #.......     100%        4    #####..
 Lightning Bolt           Conj/Air       #.........   100%        5    ######.
 Silence                  Hex/Air        #.........   100%        5    ######.
 Invisibility             Hex            #.......     100%        6    #######


Dungeon Overview and Level Annotations

Branches:
Dungeon (9/15)             Temple (1/1) D:6            Lair (1/6) D:8
Gauntlet (1/1)
    Orc: D:9-12

Altars:
Ashenzari
Cheibriados
Elyvilon
Fedhas
Gozag
Hepliaklqana
Kikubaaqudgha
Makhleb
Nemelex Xobeh
Okawaru
Qazlal
Ru
Sif Muna
Trog
Vehumet
Wu Jian
Yredelemnul
Zin
The Shining One
Lugonu

Shops:
D:8 [

Annotations:
D:6 3 runed translucent doors, mortelune's ghost, novice NaTm Gauntlet 21 runed translucent doors, 9 transporters


Innate Abilities, Weirdness & Mutations

You are resistant to torment.
Your stone body is resilient. (AC +8)
You are immune to poison.
You resist negative energy. (rN+)
You are resistant to electric shocks. (rElec)
You can survive without breathing.
You are immune to petrification.
You are immune to rotting.


Message History

You are engulfed in spectral mist.
The ghost crab breathes spectral mist at you.
The spectral mist engulfs you but does no damage.
You are engulfed in spectral mist.
The spectral five-headed hydra bites you but does no damage.
You block the spectral five-headed hydra's attack.
The spectral five-headed hydra barely misses you.
The spectral five-headed hydra bites you but does no damage. x2
You are engulfed in spectral mist.
You block the ghost crab's attack.
The ghost crab barely misses you. x2; You block the ghost crab's attack.
The spectral five-headed hydra bites you.
The spectral five-headed hydra bites you but does no damage.
The spectral five-headed hydra closely misses you.
The spectral five-headed hydra bites you but does no damage. x2
The ghost crab bites you but does no damage.
The ghost crab barely misses you.
The ghost crab breathes spectral mist at you.
The spectral mist engulfs you but does no damage.
You are engulfed in spectral mist.
You die...

....3#...#.....#...#...#..#...#.#
.PPP3#...#..##..#..#...#....##.##
.P#..#####?.#..##..#####.##.###..
.PP..#...#(.##Z.#..#...#.##...)##
©....#©.©#©.#.°##..#©.©#©...##.##
..PP.#...#..##°°#..#...#.##.###..
..#P.#####".#.Z##.☼#####.##..©.##
..P..#...#..##t☼#§○#...#....##.##
.....#.8.#...§§#@○.#.8.#.##..#...
######...###########...##########
.................................
.................................
#################################
#8# #8# #8# #8# #8# #8# #8# #8#
### ### ### ### ### ### ### ###


You could see a ghost crab and a spectral five-headed hydra.

Vanquished Creatures
  Gastronok (D:8)
  A hydra (Lair:1)
  Erica (D:9)
  A wizard (Gauntlet)
  Pikel (D:7)
  A spiny frog (Lair:1)
  A komodo dragon (Lair:1)
  A troll (D:7)
  4 hippogriffs
  Grum (D:8)
  Menkaure (D:7)
  A porcupine (Lair:1)
  A black bear (D:6)
  A sky beast (D:8)
  2 orc warriors
  A phantom (D:7)
  A slave (D:7)
  An ice beast (D:6)
  A necrophage (D:7)
  3 ogres
  2 centaurs (D:7)
  34 wolves
  A crocodile (D:3)
  5 bullfrogs
  Blork the orc (D:4)
  A gnoll sergeant (D:7)
  2 scorpions
  A killer bee (D:7)
  3 crimson imps
  2 centaur zombies
  Crazy Yiuf (D:2)
  3 hounds
  3 jellies
  2 bullfrog skeletons
  3 orc priests
  5 orc wizards
  Jessica (D:3)
  A centaur skeleton (D:8)
  3 iguanas
  9 worker ants
  Terence (D:3)
  A killer bee zombie (D:7)
  A worker ant zombie (D:5)
  Robin (D:2)
  15 adders
  3 white imps (Gauntlet)
  An ooze (D:6)
  3 adder skeletons
  4 worms
  A dart slug (D:1)
  7 leopard geckos
  37 orcs
  2 ball pythons
  7 giant cockroaches
  15 goblins
  9 hobgoblins
  10 jackals
  6 quokkas
  5 bats
  6 frilled lizards
  5 kobolds
  A leopard gecko skeleton (D:4)
  A leopard gecko zombie (D:8)
  A quokka skeleton (D:4)
  A quokka zombie (D:8)
  11 rats
264 creatures vanquished.

Vanquished Creatures (others)
  An orc wizard (D:8)
  An adder (D:8)
  An orc (D:8)
  A bush (Lair:1)
  7 demonic plants (Gauntlet)
  8 fungi
  8 plants
27 creatures vanquished.

Grand Total: 291 creatures vanquished

Notes
Turn   | Place    | Note
-------+----------+-------------------------------------------
     0 | D:1      | Hugehornet the Gargoyle Fighter began the quest for the
                  | Orb.
     0 | D:1      | Reached XP level 1. HP: 14/14 MP: 1/1
   180 | D:1      | Reached XP level 2. HP: 19/19 MP: 2/2
   386 | D:1      | Reached skill level 3 in Maces & Flails
   864 | D:2      | Reached XP level 3. HP: 22/23 MP: 3/3
   905 | D:2      | Found an ancient bone altar of Kikubaaqudgha.
  1076 | D:2      | Reached skill level 4 in Maces & Flails
  1119 | D:2      | Reached XP level 4. HP: 23/28 MP: 4/4
  1381 | D:2      | Noticed Robin
  1398 | D:2      | Killed Robin
  1509 | D:2      | Found a runed translucent door.
  1510 | D:2      | Noticed Crazy Yiuf
  1726 | D:2      | Killed Crazy Yiuf
  1726 | D:2      | Reached skill level 5 in Maces & Flails
  1726 | D:2      | Reached XP level 5. HP: 30/32 MP: 5/5
  1802 | D:3      | Noticed a crocodile
  1815 | D:3      | Killed a crocodile
  1979 | D:3      | Reached skill level 6 in Maces & Flails
  2043 | D:3      | Noticed Jessica
  2052 | D:3      | Killed Jessica
  2052 | D:3      | Reached XP level 6. HP: 30/37 MP: 6/6
  2419 | D:3      | Noticed Terence
  2428 | D:3      | Killed Terence
  2812 | D:3      | Found an iron altar of Okawaru.
  2815 | D:3      | Found a bloodstained altar of Trog.
  2896 | D:4      | Reached skill level 7 in Maces & Flails
  2896 | D:4      | Reached XP level 7. HP: 31/41 MP: 7/7
  3069 | D:4      | Noticed Blork the orc
  3089 | D:4      | Killed Blork the orc
  3214 | D:4      | Reached skill level 8 in Maces & Flails
  3526 | D:5      | Entered Level 5 of the Dungeon
  3728 | D:5      | Reached skill level 9 in Maces & Flails
  3728 | D:5      | Reached XP level 8. HP: 28/46 MP: 8/8
  3997 | D:5      | Found an opulent altar of Gozag.
  4274 | D:5      | Found a sacrificial altar of Ru.
  4393 | D:5      | Found a burning altar of Makhleb.
  4876 | D:6      | Reached skill level 10 in Maces & Flails
  5166 | D:6      | Found a staircase to the Ecumenical Temple.
  5259 | Temple   | Entered the Ecumenical Temple
  5423 | D:6      | Found a runed translucent gate.
  5423 | D:6      | Found a runed translucent gate.
  5423 | D:6      | Found a runed translucent gate.
  5424 | D:6      | Identified the +5 short sword "Hofra" {drain, *Slow rF++
                  | rN+ SInv}
  5424 | D:6      | Noticed a kobold demonologist
  5425 | D:6      | Noticed mortelune's ghost (novice NaTm)
  5509 | D:6      | Found a sparkling altar of Nemelex Xobeh.
  5687 | D:6      | Reached skill level 11 in Maces & Flails
  5780 | D:7      | Reached XP level 9. HP: 33/51 MP: 9/9
  5916 | D:7      | Noticed Menkaure
  5926 | D:7      | Killed Menkaure
  5985 | D:7      | Found a basalt altar of Yredelemnul.
  6120 | D:7      | Noticed Pikel
  6133 | D:7      | Paralysed by Pikel for 2 turns
  6144 | D:7      | Killed Pikel
  6144 | D:7      | Reached skill level 12 in Maces & Flails
  6282 | D:7      | Noticed a troll
  6295 | D:7      | Killed a troll
  6584 | D:7      | Reached skill level 13 in Maces & Flails
  6813 | D:7      | Identified Sif Muna's Guide on Spatial Bewitchment
  6890 | D:7      | Found a shimmering blue altar of Sif Muna.
  7090 | D:8      | Noticed Grum
  7105 | D:8      | Killed Grum
  7105 | D:8      | Reached XP level 10. HP: 56/56 MP: 10/10
  7181 | D:8      | Found Pill's Armour Emporium.
  7289 | D:8      | Found a white marble altar of Elyvilon.
  7348 | D:8      | Noticed Gastronok
  7361 | D:8      | Killed Gastronok
  7361 | D:8      | Reached skill level 14 in Maces & Flails
  7657 | D:8      | Found a staircase to the Lair.
  7894 | D:8      | Found a snail-covered altar of Cheibriados.
  7915 | D:8      | Became a worshipper of Cheibriados the Contemplative
  8093 | D:9      | Got a fine flail
  8099 | D:9      | Identified the +10 flail of Eternal Vigilance {antimagic,
                  | rElec MR+} (You found it on level 9 of the Dungeon)
  8116 | D:9      | Reached skill level 15 in Maces & Flails
  8175 | D:9      | Noticed Erica
  8182 | D:9      | Killed Erica
  8213 | D:9      | Reached XP level 11. HP: 60/60 MP: 3/11
  8494 | D:9      | Reached * piety under Cheibriados
  8601 | D:9      | Found a glowing silver altar of Zin.
  8871 | Lair:1   | Entered Level 1 of the Lair of Beasts
  8946 | Lair:1   | Noticed a four-headed hydra
  8953 | Lair:1   | Reached skill level 16 in Maces & Flails
  8985 | Lair:1   | Killed a four-headed hydra
  8985 | Lair:1   | Reached skill level 1 in Invocations
  9015 | Lair:1   | Reached ** piety under Cheibriados
  9039 | Lair:1   | Reached skill level 5 in Armour
  9051 | Lair:1   | Reached skill level 5 in Shields
  9105 | Lair:1   | Found a gate leading to a gauntlet.
  9113 | Gauntlet | Entered a Gauntlet
  9113 | Gauntlet | Found a large runed translucent door.
  9113 | Gauntlet | Found a large runed translucent door.
  9113 | Gauntlet | Found a large runed translucent door.
  9113 | Gauntlet | Found a large runed translucent door.
  9113 | Gauntlet | Found a large runed translucent door.
  9113 | Gauntlet | Found a large runed translucent door.
  9113 | Gauntlet | Found a large runed translucent door.
  9113 | Gauntlet | Found a large runed translucent door.
  9113 | Gauntlet | Found a runed translucent door.
  9113 | Gauntlet | Found a runed translucent gate.
  9113 | Gauntlet | Found a transporter.
  9113 | Gauntlet | Found a transporter.
  9113 | Gauntlet | Found a runed translucent gate.
  9113 | Gauntlet | Found a transporter.
  9113 | Gauntlet | Found a transporter.
  9113 | Gauntlet | Noticed a wizard
  9344 | Gauntlet | Found a transporter.
  9354 | Gauntlet | Noticed a ghost crab
  9355 | Gauntlet | Found a transporter.
  9358 | Gauntlet | Found a transporter.
  9369 | Gauntlet | Found a transporter.
  9377 | Gauntlet | Noticed a sixfirhy
  9380 | Gauntlet | Noticed a sixfirhy
  9390 | Gauntlet | Found a transporter.
  9390 | Gauntlet | Noticed a green death
  9407 | Gauntlet | Found a transporter.
  9411 | Gauntlet | Found a transporter.
  9421 | Gauntlet | Found a transporter.
  9427 | Gauntlet | Found a runed translucent gate.
  9428 | Gauntlet | Found a large runed translucent door.
  9428 | Gauntlet | Found a large runed translucent door.
  9429 | Gauntlet | Found a large runed translucent door.
  9430 | Gauntlet | Found a large runed translucent door.
  9431 | Gauntlet | Found a large runed translucent door.
  9431 | Gauntlet | Found a large runed translucent door.
  9431 | Gauntlet | Found a runed translucent door.
  9432 | Gauntlet | Found a large runed translucent door.
  9433 | Gauntlet | Found a large runed translucent door.
  9560 | Gauntlet | Paralysed by a wizard for 4 turns
  9567 | Gauntlet | Killed a wizard
  9614 | Gauntlet | Engulfed by a ghost crab's spectral mist

Levels and vault maps discovered:
D:1:      lightli_molten_gateway, layout_basic, grunt_decor_resistance
D:2:      layout_basic, old_standard_altar, uniq_robin, uniq_crazy_yiuf_cottage
D:3:      layout_basic, gammafunk_temple_overflow_statue, uniq_terence,
          uniq_jessica
D:4:      layout_cave_pools, uniq_blork_the_orc
D:5:      layout_gridville, grunt_gozag_statues, kennysheep_mini, first_ration,
          nicolae_ru_sacrificial_ziggurat
D:6:      layout_loops_ring, nemelex_xobeh_ov_fountains_minmay,
          minmay_temple_entry_gardened_gates, gammafunk_ghost_nasty_kobolds,
          kennysheep_generic_room_4
D:7:      minmay_opposing_rooms, layout_basic, nicolae_overflow_hidden_temple,
          lemuel_crystal_altar, grunt_ogre_cave, minivault_27, uniq_pikel,
          uniq_menkaure
D:8:      layout_rooms, old_standard_altar, cheibrodos_worm_habitat,
          lair_entry_dummy, serial_shops, shop, uniq_gastronok, uniq_grum
D:9:      layout_roguey, zin_treasury, uniq_erica
Temple:   kb_corrupted_temple
Lair:1:   layout_cave_pods, gauntlet_entry_generic, grunt_forest_large_clearings
Gauntlet: gammafunk_gauntlet_hard_choice
          [minmay_gauntlet_arena_make_your_own_arena,
          gammafunk_gauntlet_arena_crates,
          gammafunk_gauntlet_arena_arrow_garden, gammafunk_gauntlet_arena_teeth,
          gammafunk_gauntlet_arena_chambers, gammafunk_gauntlet_arena_hedges,
          gauntlet_exit_watery]

Skill      XL: |  1  2  3  4  5  6  7  8  9 10 11 |
---------------+----------------------------------+-----
Maces & Flails | 3 4 5 6 7 9 11 13 15 16 | 16.0
Invocations    | 2 |  2.9
Armour         | 5 |  5.7
Shields        | 5 |  5.6
Fighting       | 4 |  4.6

Action                   |  1- 3 |  4- 6 |  7- 9 | 10-12 || total
-------------------------+-------+-------+-------+-------++-------
Melee: Flail             |   158 |    95 |       |   209 ||   462
       Unarmed           |       |     3 |       |       ||     3
       Mace              |       |   123 |   476 |   103 ||   702
Invok: Bend Time         |       |       |       |     1 ||     1
  Use: Scroll            |       |     4 |     2 |    12 ||    18
       Potion            |       |     1 |     4 |     4 ||     9
  Eat: Chunk             |     1 |     6 |    13 |     8 ||    28
Armor: Chain mail        |   102 |    88 |   221 |   159 ||   570
       Scale mail        |     2 |       |       |       ||     2
       Plate armour      |       |       |       |    12 ||    12
Dodge: Dodged            |    57 |    61 |   112 |    92 ||   322
Block: Shield            |    94 |    96 |   180 |   155 ||   525
